[Event "4NCL 2023-2024"]
[Site "Daventry"]
[Date "2024.05.04"]
[Round "9.11"]
[White "Svane, Frederik"]
[Black "Carroll, Thomas"]
[Result "1-0"]
[ECO "B51"]
[WhiteElo "2637"]
[BlackElo "2091"]
[Annotator "TA"]
[PlyCount "121"]
[EventDate "2023.11.11"]
[EventType "team-tourn"]
[EventCountry "ENG"]
[SourceTitle "playchess.com"]
[Source "ChessBase"]
[SourceQuality "1"]
[TimeControl "40/6000+30:3000+30"]

1. e4 c5 2. Nf3 d6 3. Bb5+ Nd7 4. c4 a6 5. Ba4 e5 6. Nc3 {[%emt 0:02:59] B51: Sicilian: Moscow Variation (3 Bb5+) without 3...Bd7.} Ngf6 7. d3 g6 8. O-O Bg7 9. a3 O-O 10. b4 b6 11. Rb1 Qc7 $146 ({Predecessor:} 11... Rb8 12. Qc2 Qc7 13. Bxd7 Bxd7 14. Bg5 Be6 15. bxc5 bxc5 16. Bxf6 Bxf6 17. Qa4 Qd7 18. Rxb8 Rxb8 19. Qxa6 {1-0 Larkin,V (2424)-Foerster Yialamas,L (2075) Reykjavik Kvika op 2022 (7)}) 12. Bd2 Bb7 13. h3 Rfb8 14. Nh2 cxb4 15. axb4 Bc6 16. Bb3 (16. Bxc6 $16 Qxc6 17. b5 axb5 18. Rxb5 (18. Nxb5 Nc5 $14)) 16... Qd8 17. Ng4 Nxg4 18. Qxg4 a5 19. Bc2 axb4 20. Rxb4 Nc5 21. Rfb1 Ra3 22. Qd1 Bf6 23. Qc1 Ra6 24. Be3 Qd7 25. Qd2 Qb7 26. f4 exf4 27. Bxf4 Bd4+ 28. Kh1 Qe7 $1 29. Nb5 Be5 $1 30. Bg5 f6 ({Black should play} 30... Bf6 $1 $11 31. Bf4 Be5) 31. Be3 $14 Bg3 (31... Ra2 $142) 32. Nd4 Bd7 33. Ne2 Bh4 34. Nc3 Bc6 35. Rf1 (35. Bg1 $16) 35... Re8 $14 36. Bd4 Rf8 (36... f5 $1 $14) 37. Rfb1 (37. Nd5 $16 Bxd5 38. cxd5) 37... Rb8 (37... f5 $14) 38. R4b2 (38. Nd5 $16 Bxd5 39. cxd5) 38... Bg5 $14 39. Qf2 Qe6 (39... f5 $1 $14) 40. h4 Bh6 41. Qxf6 (41. Bxf6 $2 Rf8 42. d4 (42. Rf1 $2 Bg7 $19) 42... Rxf6 $19) (41. h5 $16) 41... Qxf6 $14 42. Bxf6 Nd7 43. Bd4 Bg7 (43... Nc5 $142 44. Ne2 Bd7) 44. Bxg7 $16 Kxg7 45. Kg1 Rf8 46. Ne2 Rfa8 47. Nd4 Ba4 48. Bxa4 Rxa4 49. Nb5 Kf6 (49... Ne5 $16 {is a better defense.}) 50. Rf1+ Ke7 51. Rbf2 Rf8 52. Rxf8 Nxf8 53. Nxd6 Nd7 54. Nb5 Ra2 55. Nc3 Ra3 (55... Rc2 $142) 56. Nd5+ $18 Kd6 57. d4 Ra4 (57... Ke6 $142 58. Rb1 h5 59. Nf4+ (59. Nxb6 Nf6 $18) 59... Ke7) 58. Rf7 $18 Ra1+ 59. Kh2 Rd1 60. e5+ (60. Rxh7 Rxd4 61. Kg3 Nc5 62. Nxb6 Rxe4 $18) 60... Kc6 61. e6 1-0

[Event "4NCL 2023-2024"]
[Site "Daventry"]
[Date "2024.05.04"]
[Round "9.12"]
[White "Li, Harry"]
[Black "Lupulescu, Constantin"]
[Result "1/2-1/2"]
[ECO "B45"]
[WhiteElo "2138"]
[BlackElo "2588"]
[Annotator "TA"]
[PlyCount "91"]
[EventDate "2023.11.11"]
[EventType "team-tourn"]
[EventCountry "ENG"]
[SourceTitle "playchess.com"]
[Source "ChessBase"]
[SourceQuality "1"]
[TimeControl "40/6000+30:3000+30"]

1. e4 c5 2. Nf3 e6 3. d4 cxd4 4. Nxd4 Nf6 5. Nc3 Nc6 6. a3 d6 7. Be3 Be7 8. f3 d5 9. exd5 Nxd5 10. Nxd5 Qxd5 11. Nxc6 (11. Bd3 $5) 11... bxc6 12. c4 Qxd1+ 13. Kxd1 a5 14. b3 c5 15. a4 Kd7 16. Kc2 Kc6 17. Bd3 f5 {[%emt 0:01:31] Dodges Be4+} 18. Rae1 Bf6 19. Bf4 Ra7 20. Be5 Bxe5 21. Rxe5 Rd8 22. f4 Rd4 23. g3 Rf7 24. Be2 Rf8 25. Bf3+ Kb6 $1 26. Rd1 Rxd1 27. Kxd1 $11 {[%emt 0:01:27][%mdl 4096] Endgame. KRB-KRB} Bd7 28. Kd2 Rf6 29. Ke3 Bc6 {[%emt 0:02:57] [#]} (29... Rh6 $11 {keeps the balance.}) 30. b4 $1 $16 Bxf3 31. bxc5+ Kc6 32. Kxf3 {[%emt 0:00:01] KR-KR} Rf7 33. Ke3 Rd7 34. Rxe6+ (34. h3 $16) 34... Kxc5 $11 35. Re5+ Kxc4 36. Rxa5 g6 37. Re5 Rd3+ 38. Kf2 {[%emt 0:00:38] And now Re7 would win.} Ra3 39. a5 Ra2+ 40. Kg1 Kd4 41. h4 Ra1+ {[%emt 0:11:31] The position is equal.} 42. Kg2 Ra2+ 43. Kf1 Ra3 44. Kf2 h5 45. Kg2 Ra1 46. Kf3 {[%emt 0:00:00] Weighted Error Value: White=0.08 (flawless) /Black=0.07 (flawless) .  Mistake:       	White=1     	Black=1      Inaccurate:     	White=2     	---        OK:         	White=12    	Black=14     Best:        	White=1     	Black=5      Strong:       	---       	Black=1      Brilliant:      	White=1     	---} 1/2-1/2

[Event "4NCL 2023-2024"]
[Site "Daventry"]
[Date "2024.05.04"]
[Round "9.13"]
[White "Erdos, Viktor"]
[Black "Chan, Sheng Liang Bernard"]
[Result "1-0"]
[ECO "D55"]
[WhiteElo "2546"]
[BlackElo "2096"]
[Annotator "TA"]
[PlyCount "93"]
[EventDate "2023.11.11"]
[EventType "team-tourn"]
[EventCountry "ENG"]
[SourceTitle "playchess.com"]
[Source "ChessBase"]
[SourceQuality "1"]
[TimeControl "40/6000+30:3000+30"]

1. d4 Nf6 2. c4 e6 3. Nf3 d5 4. Bg5 Be7 5. Nc3 O-O 6. e3 b6 7. Be2 Bb7 8. Bxf6 Bxf6 9. cxd5 exd5 10. b4 c5 11. bxc5 bxc5 12. Rb1 Bc6 {[%emt 0:05:15] The position is equal.} 13. O-O Nd7 14. Bb5 Qc7 15. Qd3 Rfd8 16. Rfc1 c4 17. Qf5 {[%emt 0:00:57] Black must now prevent Bxc6.} Nb6 18. a4 Nc8 19. Bxc6 Qxc6 20. Rb5 Ne7 21. Qf4 Ng6 22. Qg4 a6 23. Rb2 (23. Rc5 $5 Qe6 $8 24. Qxe6 fxe6 25. Rc6 $14) 23... Rab8 24. Rcb1 Rxb2 25. Rxb2 Be7 26. Qf5 Bf6 (26... Ba3 $11 27. Rb1 Ne7) 27. Qb1 $16 Be7 ({Black should play} 27... Qd6) 28. Rb6 Qa8 (28... Qc7 $16 29. h4 (29. Rxa6 Rb8 $16) 29... Nxh4) 29. a5 (29. Rb7 $1 $18) 29... Bd6 {[%emt 0:00:00] [#]} 30. Rb7 {[%emt 0:00:57] Repels Bc7} Ne7 {[%emt 0:00:00] [#]} 31. Qb6 $1 Rb8 32. Rxb8+ Qxb8 33. Qxa6 {[%emt 0:00:19] Hoping for Qb5. White is more active.} Bb4 34. Nb5 (34. Na4 $18) 34... c3 (34... Qd8 $11) 35. Ne1 {[%emt 0:00:09] Nc2 is the strong threat.} Qd8 36. Qb6 Bxa5 37. Qxd8+ Bxd8 {[%emt 0:00:02][%mdl 4096] Endgame. KBN-KNN} 38. Kf1 (38. Nxc3 $2 {too greedy.} Ba5 39. Nxd5 Nxd5 $19) 38... f5 39. Nxc3 Kf7 40. Nd3 Bc7 41. h3 g5 42. g4 fxg4 43. hxg4 Kg6 $2 {[%emt 0:00:12] Loses the game.} (43... Ba5 $16) 44. Nb4 $18 Bd6 45. Nbxd5 Nc6 46. Ne4 Bb8 47. Ndf6 {[%emt 0:00:00] Weighted Error Value: White=0.13 (very precise) /Black=0.27 (precise) .  Loses game:     	---       	Black=1      Missed win:     	White=1     	---        Mistake:       	White=1     	Black=4      Inaccurate:     	---       	Black=1      OK:         	White=19    	Black=8      Best:        	White=3     	Black=4      Strong:       	White=1     	---} 1-0

[Event "4NCL 2023-2024"]
[Site "Daventry"]
[Date "2024.05.04"]
[Round "9.14"]
[White "Walton, Alan J"]
[Black "Jaracz, Pawel"]
[Result "0-1"]
[ECO "D36"]
[WhiteElo "2035"]
[BlackElo "2470"]
[Annotator "TA"]
[PlyCount "62"]
[EventDate "2023.11.11"]
[EventType "team-tourn"]
[EventCountry "ENG"]
[SourceTitle "playchess.com"]
[Source "ChessBase"]
[SourceQuality "1"]
[TimeControl "40/6000+30:3000+30"]

1. d4 d5 2. c4 e6 3. Nc3 Nf6 4. cxd5 exd5 5. Bg5 Be7 6. Qc2 Nbd7 7. e3 c6 8. Bd3 Nh5 9. Bxe7 Qxe7 10. Nge2 g6 11. O-O-O Nb6 12. h3 Bd7 13. Kb1 Ng7 14. Rhe1 {[%emt 0:05:12] White is slightly better.} O-O 15. Nc1 Bf5 16. g4 Bxd3 17. Nxd3 Qh4 18. Rh1 Rae8 19. Rdg1 Ne6 20. Ne5 c5 (20... Qe7 $11 {was preferrable.}) 21. dxc5 $1 $14 Nxc5 22. Nf3 (22. f4 $14) 22... Qf6 $11 23. Nd4 Ne6 (23... Rc8 $11) 24. Rd1 $14 Rc8 25. Qe2 Rfd8 26. h4 Rc4 {[%emt 0:03:06] [#]} 27. Nc2 $2 {[%emt 0:06:27][%mdl 8192] [#] This move loses the game for White.} (27. g5 $1 $16 {[%cal Rg5f6] and life is bright.} Qe7 28. Nxe6 Qxe6 29. Ka1) 27... Rxc3 $1 $19 28. bxc3 Na4 $1 (28... Qxc3 29. Qd2 Na4 30. Nd4 $15) 29. Rd3 Nxc3+ 30. Rxc3 Qxc3 31. Rd1 Rd6 {[%emt 0:01:00] Weighted Error Value: White=0.51/Black=0.22 (precise) .  Loses game:     	White=1     	---        Mistake:       	White=1     	Black=2      Inaccurate:     	White=3     	Black=1      OK:         	White=4     	Black=5      Best:        	White=1     	---        Strong:       	White=1     	Black=2} 0-1

[Event "4NCL 2023-2024"]
[Site "Daventry"]
[Date "2024.05.04"]
[Round "9.15"]
[White "Parligras, Mircea-Emilian"]
[Black "Burnett, Jim"]
[Result "1-0"]
[ECO "D30"]
[WhiteElo "2561"]
[BlackElo "2014"]
[Annotator "TA"]
[PlyCount "69"]
[EventDate "2023.11.11"]
[EventType "team-tourn"]
[EventCountry "ENG"]
[SourceTitle "playchess.com"]
[Source "ChessBase"]
[SourceQuality "1"]
[TimeControl "40/6000+30:3000+30"]

1. d4 d5 2. c4 e6 3. Nf3 c6 4. e3 Nf6 5. Bd3 Nbd7 6. b3 b6 7. Bb2 Bb7 8. O-O Be7 9. Nbd2 O-O 10. Qe2 Qc7 11. Ne5 Rad8 12. f4 c5 {[%emt 0:04:43] The position is equal.} 13. Rac1 Qb8 14. Kh1 Qa8 15. Rfd1 Ne4 16. cxd5 Bxd5 17. Nxe4 (17. Bxe4 {simplifies} Bxe4 18. Nxe4 Qxe4 19. Ng4) 17... Bxe4 18. Bxe4 Qxe4 19. Qf3 (19. Ng4 {seems wilder.} Nf6 20. dxc5 Rxd1+ 21. Rxd1 Nxg4 22. Qxg4 g6 23. cxb6 Qc2 24. Bd4) 19... Qxf3 20. Nxf3 Rc8 21. dxc5 Nxc5 22. Ba3 Rfd8 23. Kg1 Kf8 24. Rd4 Nb7 ({Better is} 24... Ke8 $11) 25. Rxd8+ $14 Rxd8 26. Bxe7+ Kxe7 {[%emt 0:00:06][%mdl 4096] Endgame. KRN-KRN} 27. Ne5 {[%emt 0:00:23] [#] Hoping for Rc7+.} Kf6 $2 {[%emt 0:05:06] A mistake that costs the game.} (27... Ke8 $11) 28. Rc7 $1 $18 Rd1+ 29. Kf2 Nd6 30. Ke2 (30. Rxa7 g5 31. Rd7 gxf4 32. exf4 Kg7 $18) 30... Rg1 {[%emt 0:01:39] [#]} (30... Rd5 31. Rxa7 h5) 31. g4 ({Don't play} 31. Rxa7 Rxg2+ 32. Kf3 Rd2 $18) 31... Rg2+ (31... h5 $142 32. Rd7 (32. gxh5 Kf5 $18) (32. Rxa7 hxg4 33. Rd7 Rg2+ 34. Kf1 Rd2 $18) 32... hxg4 33. Rxd6 Kf5 34. Nxf7 Rg2+ 35. Kd3 Rxa2) 32. Kf3 Rxa2 33. g5+ Kf5 34. Rxf7+ Nxf7 35. e4# {[%emt 0:00:05] Weighted Error Value: White=0.06 (flawless) /Black=0.68.  Loses game:     	---       	Black=1      Mistake:       	---       	Black=3      Inaccurate:     	White=3     	Black=1      OK:         	White=4     	Black=3      Best:        	White=3     	---} 1-0

[Event "4NCL 2023-2024"]
[Site "Daventry"]
[Date "2024.05.04"]
[Round "9.16"]
[White "Flint, Martina"]
[Black "Terbe, Julianna"]
[Result "0-1"]
[ECO "A03"]
[WhiteElo "1888"]
[BlackElo "2276"]
[Annotator "NA RC"]
[PlyCount "56"]
[EventDate "2023.11.11"]
[EventType "team-tourn"]
[EventCountry "ENG"]
[SourceTitle "playchess.com"]
[Source "ChessBase"]
[SourceQuality "1"]
[TimeControl "40/6000+30:3000+30"]

1. f4 d5 2. Nf3 Nf6 3. d3 c5 4. g3 g6 5. Bg2 Bg7 6. O-O Nc6 7. c3 O-O 8. Qc2 d4 9. e4 dxe3 10. Bxe3 Bf5 11. Rd1 c4 12. Bf1 Ng4 13. Qd2 cxd3 14. Na3 Qd5 15. Ng5 Rad8 16. Bg2 Qd7 17. Ne4 Qe6 18. h3 Bxe4 19. hxg4 Bxg2 20. Kxg2 Qxg4 21. Rh1 Bf6 22. Qf2 h5 23. Nc4 Kg7 24. Bxa7 Nxa7 25. Qxa7 Qe2+ 26. Qf2 Qe4+ 27. Qf3 Qxc4 28. a3 Qb3 0-1

[Event "4NCL 2023-2024"]
[Site "Daventry"]
[Date "2024.05.04"]
[Round "9.17"]
[White "Nasuta, Grzegorz"]
[Black "Durak, Can"]
[Result "1/2-1/2"]
[ECO "C42"]
[WhiteElo "2547"]
[BlackElo "2436"]
[Annotator "TA"]
[PlyCount "37"]
[EventDate "2023.11.11"]
[EventType "team-tourn"]
[EventCountry "ENG"]
[SourceTitle "playchess.com"]
[Source "ChessBase"]
[SourceQuality "1"]
[TimeControl "40/6000+30:3000+30"]

1. e4 e5 2. Nf3 Nf6 3. Nxe5 d6 4. Nf3 Nxe4 5. Bd3 Nf6 6. O-O Be7 7. c3 O-O 8. Bc2 {[%emt 0:02:08] The position is equal.} Bg4 9. h3 Bh5 10. d4 d5 11. Re1 c6 12. Bf4 Bd6 13. Be5 Bc7 14. Nbd2 Nbd7 15. Bf5 Bg6 16. Bxg6 hxg6 17. Qb3 Qb8 18. Re3 Nxe5 19. Nxe5 {[%emt 0:09:41] A rather calm draw.   Weighted Error Value: White=0.04 (flawless) /Black=0.04 (flawless) .  OK:         	White=6     	Black=5} 1/2-1/2

[Event "4NCL 2023-2024"]
[Site "Daventry"]
[Date "2024.05.04"]
[Round "9.18"]
[White "Bazakutsa, Svyatoslav"]
[Black "Fernandez, Daniel Howard"]
[Result "0-1"]
[ECO "A19"]
[WhiteElo "2473"]
[BlackElo "2526"]
[Annotator "TA"]
[PlyCount "72"]
[EventDate "2023.11.11"]
[EventType "team-tourn"]
[EventCountry "ENG"]
[SourceTitle "playchess.com"]
[Source "ChessBase"]
[SourceQuality "1"]
[TimeControl "40/6000+30:3000+30"]

1. c4 Nf6 2. Nc3 e6 3. e4 c5 4. e5 Ng8 5. d4 cxd4 6. Qxd4 Nc6 7. Qf4 {[%emt 0:00:09] A19: English Opening: Flohr-Mikenas System with 3...c5.} d6 8. Nf3 Nh6 {[%emt 0:00:07] is now debated instead of 8...Nge7.} 9. Qe4 Nxe5 $146 ({Predecessor:} 9... dxe5 10. Bxh6 gxh6 11. Nxe5 Qb6 12. O-O-O Bg7 13. Na4 Qc7 14. Nxc6 bxc6 15. g4 Rb8 {0-1 Bartel,M (2651)-Tabatabaei,M (2694) London Classic 13th 2023 (6)}) 10. Nxe5 dxe5 11. Bxh6 gxh6 12. Qxe5 Rg8 13. Rd1 Bd7 $1 14. Ne4 (14. Nd5 $5 Qa5+ $8 15. Rd2 $11) 14... Bg7 15. Nd6+ Kf8 16. Qc5 Qe7 17. Nxb7 {[%emt 0:03:34] [#]} (17. Bd3 $15) 17... Rc8 $1 $17 18. Qd6 {[%emt 0:07:02] [#]} (18. Qxa7 $2 Bc6 (18... Bxb2 19. Nd6 $15) 19. Rd2 Bxb7 $19) 18... Bc6 $1 19. Na5 Ba8 20. Qd2 Bf6 21. h4 (21. Qxh6+ $142 Ke8 22. h4) 21... Kg7 (21... Bxg2 22. Bxg2 Rxg2 23. Kf1 $15) 22. Rh3 Rgd8 (22... Bxh4 $6 23. Qd7 $11) (22... Kh8 $17) 23. Rg3+ $11 Kh8 24. Qxh6 Qb4+ 25. Rd2 Be5 26. Bd3 $1 f5 (26... Qxa5 27. Qxh7#) 27. Nb3 Rc7 (27... Bxg3 $11 28. Qf6+ (28. Qxe6 $2 Re8 $19) 28... Kg8 29. fxg3 (29. Qxe6+ Kg7 $14) 29... Re8) 28. Re3 $16 Bxb2 29. Ke2 (29. Qxe6 f4 30. Re5 Rg7 $11 (30... Rxd3 31. Qf6+ Rg7 32. Re8+)) (29. a3 $16 Qxb3 30. Bc2) 29... Bc3 $11 30. Rd1 (30. Qxe6 $11 f4 31. Bxh7 (31. Re5 $2 Rg7 $19)) 30... Qa4 (30... Bxg2 $17 31. Bxf5 Bf1+ (31... Qxc4+ 32. Bd3 $17) 32. Rxf1 exf5) 31. Nc1 $2 (31. Rd2 $11 {and White is okay.}) 31... Rb7 (31... Bxg2 $142 {Strongly threatening ...Rxc4.} 32. Rg3 Rxc4) 32. Qxe6 $2 (32. Rd2 $19 Rbd7 (32... Rb1 33. Rc2 $11) 33. g3) 32... Rb2+ 33. Kf1 Qxd1+ 34. Re1 Qxe1+ (34... Bxe1 35. Qf6+ Kg8 36. Qxd8+ Kf7 37. Qd7+ Kg8 38. Qe6+ Kf8 39. Qxf5+ (39. Qxe1 Bxg2+ 40. Kxg2 Qxe1 41. Ne2 Rxe2 42. Bxe2 Qxe2 43. c5 f4 44. c6 Ke7 45. c7 Kd7 46. a4 Kxc7 47. a5 Qg4+ 48. Kf1 f3 49. a6 Qxh4 50. Ke1 Qd4 51. Kf1 Qd1#) (39. Qf6+ Ke8 $11) 39... Kg8 40. Qe6+ Kh8 41. Qc8+ (41. Qxe1 $2 Bxg2+ 42. Kxg2 Qxe1 $19) (41. Qf6+ Kg8 $11) 41... Kg7 42. Qd7+ Kf8 43. Qd8+ (43. Qxa7 $2 Bxf2#) (43. Qf5+ Kg7 $11) 43... Kg7 44. Qg5+ (44. Qxa8 $2 Bxf2#) (44. Qd4+ Kf8 $11) (44. Qe7+ Kg8 $11) 44... Kf7 45. Qf5+ (45. Bxh7 $2 Bxf2#) 45... Ke8 46. Qe6+ Kf8 47. Qd6+ (47. Qxe1 Bxg2+ 48. Kxg2 Qxe1 49. Ne2 Qd2 50. c5 Qxd3 51. Nf4 Qe3 52. Nh3 Rxa2 53. c6 Qe4+ 54. Kh2 Qxc6 55. Kg3 Ra3+ 56. Kh2 Qf3 57. Ng1 Qxf2+ 58. Kh1 Ra1 59. h5 Rxg1#) (47. Qf5+ Ke7 $11) 47... Kg7 48. Qd7+ (48. Qe7+ Kg8 $11) 48... Kf6 49. Qd6+ (49. Qxa7 $2 Bxf2#) (49. Qf5+ Ke7 $11) 49... Kg7 (49... Kf7 $2 50. Bg6+ hxg6 51. Qxd1 $18) 50. Qe7+ Kg8 51. Qxh7+ (51. Qxe1 $2 Bxg2+ 52. Kxg2 Qxe1 $19) 51... Kf8 52. Qf5+ (52. Qxa7 $2 Bxf2#) (52. Qh8+ Kf7 $11) 52... Ke7 53. Qh7+ Kd6 54. Qh6+ (54. Qxa7 $2 Bxf2#) 54... Kd7 55. Qg7+ Ke6 (55... Kd8 56. Qf8+ Kd7 57. Qf7+ Kd8 58. Qf8+ Kd7 59. Bf5+ Kc7 60. Qe7+ Kb6 61. c5+ Kb5 62. Qd7+ Qxd7 63. Bxd7+ Bc6 64. a4+ Kc4 65. Bxc6 $16) 56. Qg8+ Kd7 57. Qf7+ (57. Qxa8 $2 Bxf2#) (57. Qg7+ Kc8 $11) 57... Kd8 58. Qf8+ Kd7 (58... Kc7 $2 59. Qe7+ Kc6 60. Qxe1 $18) 59. Bf5+ (59. Qxa8 $2 Bxf2#) (59. Qg7+ Ke6 $11) 59... Kc7 60. Qe7+ (60. Qxa8 $2 Bxf2#) (60. Qg7+ Kb6 $11) 60... Kb6 61. c5+ Kb5 62. Qd7+ Qxd7 (62... Kxc5 $2 63. Qxd1 Rxf2+ 64. Kxe1 $18) 63. Bxd7+ Bc6 64. a4+ (64. Bxc6+ Kxc6 65. Kxe1 a5 $14) 64... Kc4 (64... Kxc5 $2 65. Nd3+ Kd6 66. Nxb2 $18) 65. Bxc6 $16) 35. Qxe1 Bxg2+ 36. Kxg2 Bxe1 0-1

[Event "4NCL 2023-2024"]
[Site "Daventry"]
[Date "2024.05.04"]
[Round "9.19"]
[White "Makkar, Rajat"]
[Black "Czopor, Maciej"]
[Result "1/2-1/2"]
[ECO "A13"]
[WhiteElo "2455"]
[BlackElo "2363"]
[Annotator "TA"]
[PlyCount "54"]
[EventDate "2023.11.11"]
[EventType "team-tourn"]
[EventCountry "ENG"]
[SourceTitle "playchess.com"]
[Source "ChessBase"]
[SourceQuality "1"]
[TimeControl "40/6000+30:3000+30"]

1. c4 e6 2. g3 d5 3. Bg2 Nf6 4. Nf3 d4 5. O-O c5 6. e3 Nc6 7. exd4 cxd4 8. d3 Bd6 9. Bg5 h6 10. Bxf6 Qxf6 {[%emt 0:00:05] White has an edge.} 11. Nbd2 Qe7 12. Re1 O-O 13. Nb3 Qf6 14. c5 Bc7 15. Rc1 Rd8 16. Nbd2 Qe7 17. Qa4 a5 18. a3 {[%emt 0:01:24] [#] Strongly threatening b4.} Bd7 19. Nxd4 (19. Re4 $5) 19... Nxd4 20. Qxd4 Bb5 $1 21. Qc3 Rxd3 22. Qc2 Rad8 23. Ne4 R3d4 24. Qc3 Rd3 (24... a4 $1 $15) 25. Qc2 $11 R3d4 (25... Bc6 $11) 26. Qc3 $17 Rd3 (26... a4 $17 27. b4 (27. Nd6 Rd3 $17) 27... axb3 28. Qxb3 Bc6) 27. Qc2 $11 R3d4 {[%emt 0:00:05] Weighted Error Value: White=0.08 (flawless) /Black=0.12 (very precise) .  Mistake:       	---       	Black=3      Inaccurate:     	White=2     	---        OK:         	White=9     	Black=10     Best:        	White=2     	Black=1      Strong:       	---       	Black=1} 1/2-1/2

[Event "4NCL 2023-2024"]
[Site "Daventry"]
[Date "2024.05.04"]
[Round "9.20"]
[White "Yao, Lan"]
[Black "Ghasi, Ameet K"]
[Result "0-1"]
[ECO "B09"]
[WhiteElo "2382"]
[BlackElo "2491"]
[Annotator "TA"]
[PlyCount "68"]
[EventDate "2023.11.11"]
[EventType "team-tourn"]
[EventCountry "ENG"]
[SourceTitle "playchess.com"]
[Source "ChessBase"]
[SourceQuality "1"]
[TimeControl "40/6000+30:3000+30"]

1. e4 d6 2. d4 g6 3. Nc3 Nf6 4. f4 Bg7 5. Nf3 O-O 6. e5 dxe5 7. fxe5 Nd5 8. Nxd5 Qxd5 9. Be2 c5 10. c3 {[%emt 0:00:37] Black is slightly better.} cxd4 11. cxd4 Nc6 12. O-O Bf5 13. Qa4 Rac8 14. Be3 Qd7 15. Qa3 Rfd8 16. Rad1 h6 {[%emt 0:05:54] Inhibits Ng5.} 17. Bb5 {[%emt 0:23:14] d5 would now be deadly.} Be4 18. Nd2 {[%emt 0:04:24] [#] Black continues to play with concentration.} ({Better is} 18. Bf2 $15) 18... Bxg2 $1 $19 19. Kxg2 {[%emt 0:03:11] Qb3 is the strong threat.} Qd5+ 20. Kg1 Qxb5 21. Qb3 Qxb3 ({Not} 21... Nxd4 22. Bxd4 (22. Qxf7+ $2 {loses.} Kh7 $19) 22... Qxb3 23. Nxb3 $16) 22. Nxb3 Nb4 23. a3 Nd5 24. Bf2 Rc2 {[%emt 0:01:44] White is weak on the light squares} 25. Rd2 Rxd2 26. Nxd2 Rc8 27. Ne4 Rc2 28. Rb1 b6 29. Kf1 f6 30. exf6 Nxf6 31. Nxf6+ Bxf6 32. b3 Kf7 33. Re1 $2 {[%emt 0:01:04] [#]} (33. d5) 33... Rxf2+ $1 34. Kxf2 Bh4+ {[%emt 0:00:05] Weighted Error Value: White=0.51/Black=0.05 (flawless) .  Mistake:       	White=2     	---        Inaccurate:     	White=2     	Black=1      OK:         	White=9     	Black=12     Brilliant:      	---       	Black=2} ({Weaker is} 34... Bxd4+ 35. Kg2 $11) 0-1

[Event "4NCL 2023-2024"]
[Site "Daventry"]
[Date "2024.05.04"]
[Round "9.22"]
[White "Willow, Jonah B"]
[Black "Grieve, Harry"]
[Result "1-0"]
[ECO "C70"]
[WhiteElo "2417"]
[BlackElo "2476"]
[Annotator "TA"]
[PlyCount "67"]
[EventDate "2023.11.11"]
[EventType "team-tourn"]
[EventCountry "ENG"]
[SourceTitle "playchess.com"]
[Source "ChessBase"]
[SourceQuality "1"]
[TimeControl "40/6000+30:3000+30"]

1. e4 e5 2. Nf3 Nc6 3. Bb5 a6 4. Ba4 f5 5. d4 exd4 6. e5 (6. Nxd4 Nxd4 7. Qxd4 Nf6 $16) (6. exf5 Qe7+ 7. Kf1 Qe4 $11) 6... b5 7. Bb3 Na5 8. Qxd4 {[%emt 0:00:05] aiming for Bxg8. White is better.} Bb7 9. Bd5 c6 10. Bxg8 Rxg8 11. Qd3 $40 {[%emt 0:30:43][%mdl 128] Black is in trouble.} ({Reject} 11. Bg5 $6 Qc7 $15) 11... g6 12. O-O Be7 13. Re1 Qc7 14. Qd6 Qd8 15. Qd3 ({White should try} 15. Qd1) 15... Qc7 $1 $16 16. Bg5 Bxg5 17. Nxg5 {[%emt 0:00:11][%cal Ob1d2] Threatens to win with Nd2!} Rg7 (17... h6 $142) 18. e6 {[%emt 0:04:25] White has more active pieces. The black rooks are passive.} d5 19. Nf7 Nc4 (19... Kf8 {keeps fighting.} 20. b4 Nc4) 20. b3 $18 Nd6 21. Qg3 Ke7 22. Nd2 {[%emt 0:00:54] Nf3 is the strong threat.} Rc8 23. Qe5 Ne8 24. Qd4 c5 25. Qh4+ Kf8 {[%emt 0:00:46] [#]} 26. Nf3 $1 Qe7 27. Qf4 Nf6 28. Nd6 {[%emt 0:00:34] Dodges Ne4} Rc6 29. Nxb7 Qxb7 {[%emt 0:00:01] [#]} 30. Ne5 $1 Rb6 (30... Rxe6 $2 31. Nxg6+ Rxg6 32. Rxe6 $18) 31. Nf7 $2 ({White should play} 31. Re2 $16) 31... Ke7 $2 (31... Qe7 $11 {and Black has nothing to worry.}) 32. Rad1 Ne4 $2 (32... Rxf7 33. exf7+ Kxf7) 33. Qh6 $2 (33. Rxe4 {Qg5+ would kill now.} Rxf7 34. Rxd5 (34. exf7+ dxe4 35. Qh4+ Kxf7 $18)) 33... Kf6 {[%emt 0:00:29] [#]} (33... Kf8 34. Qf4 d4 (34... Rxe6 $2 {too greedy.} 35. Nd8 $18)) 34. Rxe4 $1 {[%emt 0:00:25][%mdl 512] Weighted Error Value: White=0.40/Black=0.33.  Loses game:     	---       	Black=1      Mistake:       	White=3     	Black=4      Inaccurate:     	White=2     	Black=1      OK:         	White=12    	Black=6      Best:        	---       	Black=3      Strong:       	White=2     	Black=1} 1-0